 Dungeon Crawl Stone Soup version 0.30-a0-989-g0d87f670db (webtiles) character file.

Game seed: 17432357902996123820

54618 ytrimaz the Severer (level 14, -15/121 HPs)
             Began as a Hill Orc Fighter on Apr 2, 2023.
             Was a High Priest of Beogh.
             Demolished by an orc knight
             ... wielding a +1 battleaxe of electrocution
              (16 damage)
             ... on level 2 of the Orcish Mines.
             The game lasted 00:33:59 (15163 turns).

ytrimaz the Severer (Hill Orc Fighter)             Turns: 15163, Time: 00:34:00

Health: -15/121    AC: 19    Str: 30    XL:     14   Next: 73%
Magic:  32/32      EV: 10    Int:  8    God:    Beogh [*****.]
Gold:   769        SH:  0    Dex: 10    Spells: 13/13 levels left

rFire   + . .      SeeInvis +    K - +0 battleaxe (flame)
rCold   . . .      Faith    .    (shield currently unavailable)
rNeg    + . .      Spirit   .    e - +3 scale mail of the Journeyman {rPois rF+ rN+ Regen+}
rPois   +          Reflect  .    (no helmet)
rElec   .          Rampage  .    (no cloak)
rCorr   +                        x - +0 pair of gloves
Will    +....                    (no boots) Stlth
                                 S - amulet of regeneration
HPRegen 2.00/turn                M - ring "Iniaroj" {rCorr MP+9 Str+6 SInv}
MPRegen 0.23/turn                T - +4 ring of protection

@: no status effects
A: walk on water
a: Renounce Religion, Smiting, Recall Orcish Followers, Give Item to Named
Follower


You were on level 2 of the Orcish Mines.
You worshipped Beogh.
Beogh was extremely pleased with you.
You visited 2 branches of the dungeon, and saw 17 of its levels.
You visited the Abyss 1 time.
You visited 1 bazaar.
You also visited: Sewer.

You collected 1993 gold pieces.
You spent 1224 gold pieces at shops.


   Skills:
 - Level 10.0 Fighting
 - Level 20.0 Axes
 - Level 0.2(11.1) Maces & Flails
 + Level 17.8 Armour
 - Level 3.2 Shields
 - Level 12.0 Invocations


You had 13 spell levels left.
You didn't know any spells.
Your spell library contained the following spells:

 Spells                   Type           Power      Damage    Failure   Level
 Foxfire                  Conj/Fire      0%         2x1d2     56%         1
 Shock                    Conj/Air       0%         1d3       56%         1
 Sting                    Tmut/Pois      0%         1d3       56%         1
 Blink                    Tloc           0%         N/A       71%         2
 Lesser Beckoning         Tloc           0%         N/A       71%         2
 Momentum Strike          Conj/Tloc      0%         3d8       71%         2
 Poisonous Vapours        Pois/Air       0%         N/A       71%         2
 Inner Flame              Hex/Fire       0%         N/A       90%         3
 Portal Projectile        Hex/Tloc       0%         N/A       90%         3
 Swiftness                Air            0%         N/A       90%         3
 Tukima's Dance           Hex            0%         N/A       90%         3
 Airstrike                Air            0%         2d(0-16)  100%        4
 Flame Wave               Conj/Fire      0%         2d4       100%        4
 Olgreb's Toxic Radiance  Pois           0%         N/A       100%        4
 Sticky Flame             Conj/Fire      0%         2d3       100%        4
 Blade Hands              Tmut           0%         N/A       100%        5
 Fireball                 Conj/Fire      0%         3d3       100%        5
 Irradiate                Conj/Tmut      0%         3d11      100%        5
 Summon Forest            Summ/Tloc      0%         N/A       100%        5
 Summon Mana Viper        Hex/Summ       0%         N/A       100%        5
 Starburst                Conj/Fire      0%         6d3       100%        6
 Summon Cactus Giant      Summ           0%         N/A       100%        6
 Dragon Form              Tmut           0%         N/A       100%        7

Inventory:

Hand Weapons
 a - a +1 war axe
 o - a +1 hand axe of flaming
   (You took it off an orc priest on level 7 of the Dungeon)
 t - a -3 executioner's axe
   (You found it on level 4 of the Dungeon)
 E - a +0 broad axe
   (You bought it in a shop on level 8 of the Dungeon)
 K - a +0 battleaxe of flaming (weapon)
   (You took it off an orc warrior on level 10 of the Dungeon)
Armour
 c - a +0 buckler
 d - the +5 scale mail of the Ancient Nightcaps {rElec Str+4 Int+4}
   (You bought it in a shop on level 4 of the Dungeon)

   Str:       It affects your strength (+4).
   Int:       It affects your intelligence (+4).
   rElec:     It insulates you from electricity.
 e - the +3 scale mail of the Journeyman (worn) {rPois rF+ rN+ Regen+}
   (You found it on level 2 of the Dungeon)

   rF:        It protects you from fire.
   rPois:     It protects you from poison.
   rN:        It protects you from negative energy.
   Regen:     It increases your rate of health regeneration.
 v - +0 acid dragon scales
   (You found it on level 5 of the Dungeon)
 x - a +0 pair of gloves (worn)
   (You found it on level 6 of the Dungeon)
Jewellery
 j - a ring of ice
   (You found it on level 4 of the Dungeon)
 q - a ring of see invisible
   (You found it on level 5 of the Dungeon)
 s - an amulet of reflection
   (You found it on level 4 of the Dungeon)
 B - an amulet of magic regeneration
   (You found it on level 8 of the Dungeon)
 F - a +6 ring of dexterity
   (You found it on level 9 of the Dungeon)
 M - the ring "Iniaroj" (left hand) {rCorr MP+9 Str+6 SInv}
   (You bought it in a shop in a bazaar)

   [ring of strength]

   Str:       It affects your strength (+6).
   MP:        It affects your magic capacity (+9).
   SInv:      It lets you see invisible.
   rCorr:     It protects you from acid and corrosion.
 O - the ring of Kuresau {Fire rPois}
   (You found it on level 11 of the Dungeon)

   [ring of fire]

   It enhances your fire magic.
   rF:        It protects you from fire.
   rC:        It makes you vulnerable to cold.
   rPois:     It protects you from poison.
 S - an amulet of regeneration (around neck)
   (You found it on level 12 of the Dungeon)
 T - a +4 ring of protection (right hand)
   (You found it on level 12 of the Dungeon)
 V - a ring of wizardry
   (You found it on level 13 of the Dungeon)
 X - a ring of fire
   (You found it on level 13 of the Dungeon)
Wands
 I - a wand of polymorph (3)
   (You found it on level 12 of the Dungeon)
 L - a wand of mindburst (7) (quivered)
   (You found it on level 10 of the Dungeon)
 R - a wand of quicksilver (4)
   (You found it on level 12 of the Dungeon)
Scrolls
 b - 4 scrolls of silence
 h - 7 scrolls of fear
 i - 4 scrolls of amnesia
 m - 3 scrolls of enchant armour
 n - 5 scrolls of enchant weapon
 p - 9 scrolls of teleportation
 u - 4 scrolls of blinking
 w - 6 scrolls of magic mapping
 y - a scroll of butterflies
 A - 3 scrolls of poison
 D - 2 scrolls of fog
 H - 2 scrolls of identify
 P - a scroll of brand weapon
 Q - 3 scrolls of noise
Potions
 f - 3 potions of lignification
 g - 7 potions of heal wounds
 k - 2 potions of mutation
 l - 12 potions of curing
 r - a potion of invisibility
 z - 3 potions of brilliance
 C - 2 potions of haste
 G - a potion of magic
 J - 2 potions of cancellation
 N - 4 potions of attraction
 U - a potion of flight
 W - a potion of ambrosia

Dungeon Overview and Level Annotations

Branches:
Dungeon (15/15) Zot: 25367  Temple (0/1) D:7            Lair (0/5) D:9
    Orc (2/2) D:12 Zot: 11513     Elf (0/3) Orc:2        Vaults (0/5) D:13
 Depths (0/4) D:15          Sewer (visited)

Altars:
Hepliaklqana
Kikubaaqudgha
Makhleb
Nemelex Xobeh
Uskayaw
Beogh

Shops:
D:4 [?[(   D:8 (   D:10 *

Annotations:
D:5 3 runed translucent doors, howech's ghost, novice MiGl
D:14 3 runed translucent doors, exclusion: 3 doors, DeathPants's ghost, journeyman VSGl; Lobster4's ghost, journeyman SpHu; Qymaymp's ghost, adept GrEE

.......#.... .##..o..#
......##..... ..#o....#
o...#####.... ...o.....
.....#.#....#####o.......
....#.........8........o.
....##.......oo..).......
...#..))....oo.o3oo.o_o..
.#.......oo.oooooooo)o...
<.........oooo8.@oo)T))o.
#.........oo#####h.).....
...........o$# oo.o.)...
.........o...# ..#o.)..#
............## ..##..o..#
.....oo.o...# .# 8...8#
............# .# .....#
..........#.# ...
....†...#.....


You could see an orc warlord (strong), 4 orc knights, an orc high priest
(strong), a sun demon (summoned, ally target), a troll, a warg, 2 orc sorcerers,
6 orc warriors, an orc priest (strong), an orc (strong), the friendly Marbaugh
the orc knight, 7 friendly orc warriors, 4 friendly orc priests, 2 friendly orc
wizards, the friendly Bogbarth the orc wizard (strong) and 6 friendly orcs.


Message History

Unknown command.
Unknown command. 😕 HP[-28]
You take 28 damage, and now have 93/121 hp.
MASSIVE DAMAGE!! (PAUSE)
You slice the orc sorcerer!! You burn the orc sorcerer!
You hit the orc knight but do no damage.
You barely miss the orc warrior. You closely miss the orc warrior.
You hit the orc warrior but do no damage.
Your orc warrior hits the orc knight from afar with a +0 trident!!
The orc priest calls upon Beogh to heal the orc knight.
The orc knight is healed somewhat.
Your orc hits the orc warlord but does no damage.
A magic dart appears from out of your range of vision.
The magic dart hits your orc!
Your orc dies!
Your orc warrior misses the warg.
An orc warrior comes into view. It is wielding a +0 short sword.
The orc warrior stares at you in amazement and kneels.
An orc priest comes into view. It is wielding a +0 hand axe.
The orc priest relaxes its fighting stance and smiles at you.
It says, "I'm so glad you are here now."
Your orc closely misses the orc sorcerer.
The orc sorcerer hits you with a +0 dagger.
Your orc wizard casts a spell at the orc knight.
The puff of flame hits the orc knight!
The orc warrior hits your orc with a +0 glaive!
Your orc dies!
The orc warrior hits you but does no damage.
Your orc barely misses the orc warrior.
Your orc closely misses the orc.
Your orc hits the orc warlord but does no damage.
The orc high priest mumbles some strange prayers to Beogh against you.
Beogh smites you! The orc knight misses you.
The orc knight hits your orc warrior with a +1 battleaxe of electrocution!
The orc knight hits your orc warrior with a +1 battleaxe of electrocution!!
Your orc warrior dies!
Your orc wizard closely misses the orc high priest.
The orc warrior hits you with a +0 battleaxe!!
* * * LOW HITPOINT WARNING * * *
The orc warrior barely misses your orc warrior.
The orc knight shoots a bolt.
The bolt hits your orc warrior!!
Your orc warrior dies!
The warg stops to sniff the ground.
Unknown command. 😨 HP[-45]
You take 45 damage, and now have 48/121 hp.
MASSIVE DAMAGE!! (PAUSE)
The orc warrior attacks as you move away!
The orc warrior completely misses you.
The orc warrior attacks as you move away!
The orc warrior hits you with a +0 flail.
* * * LOW HITPOINT WARNING * * *
Something barely misses the orc warrior.
Your orc throws a boomerang.
The boomerang hits the orc warrior but does no damage.
Your orc barely misses the orc sorcerer.
The magic dart hits your orc priest but does no damage.
The orc warlord completely misses your orc.
Your orc wizard casts a spell at the orc knight.
The magic dart hits the orc warrior!
The orc warrior hits your orc wizard with a +0 mace!
Your orc wizard dies!
Something hits the orc knight!
The orc sorcerer hits you with a +0 dagger.
* * * LOW HITPOINT WARNING * * *
Your orc wizard barely misses the orc high priest.
The sun demon hits your orc warrior.
Your orc warrior is engulfed in flames!
Unknown command. 😨 HP[-5]
You take 5 damage, and now have 43/121 hp.
You hit the orc sorcerer. You burn the orc sorcerer.
You completely miss the orc knight. You closely miss the orc knight.
You slash the orc warrior! You burn the orc warrior.
You kill the orc warrior!
Beogh accepts your kill.
The orc priest mumbles some strange prayers to Beogh against you.
Beogh smites you!
* * * LOW HITPOINT WARNING * * *
The orc warrior hits your orc with a +0 scimitar of holy wrath!
Your orc dies!
Your orc misses the orc warrior.
Your orc hits the orc warlord but does no damage.
Your orc barely misses the troll.
Your orc closely misses the orc.
Your orc hits the orc high priest with a +0 war axe.
An orc sorcerer comes into view. It is wielding a +0 dagger.
Your orc priest resists with some effort.
Something hits the warg but does no damage.
The orc knight hits you with a +0 battleaxe!!
* * * LOW HITPOINT WARNING * * *
The orc warrior hits you from afar with a +0 trident!
* * * LOW HITPOINT WARNING * * *
The orc warlord hits your orc with a +0 great mace!
Your orc dies!
The orc sorcerer hits you with a +0 dagger.
* * * LOW HITPOINT WARNING * * *
The orc knight hits you with a +1 battleaxe of electrocution.
* * * LOW HITPOINT WARNING * * *
You are electrocuted!
You die...
Beogh appreciates the orc knight's killing of a heretic priest.

Skill      XL: |  1  2  3  4  5  6  7  8  9 10 11 12 13 14 |
---------------+-------------------------------------------+-----
Axes           | 3 4 5 6 8 9 11 14 16 18 20 | 20.0
Invocations    | 7 11 12 | 12.0
Fighting       | 7 9 10 | 10.0
Armour         | 9 14 17 | 17.8
Maces & Flails | |  0.2
Shields        | |  3.2

Action                     |  1- 3 |  4- 6 |  7- 9 | 10-12 | 13-15 || total
---------------------------+-------+-------+-------+-------+-------++-------
  Melee: War axe           |   124 |   128 |   328 |   145 |       ||   725
         Broad axe         |       |       |       |   160 |       ||   160
         Battleaxe         |       |       |       |   293 |   392 ||   685
 Invoke: Convert to Beogh  |       |       |     1 |       |       ||     1
         Smiting           |       |       |       |     7 |    12 ||    19
         Recall Orcish Fol |       |       |       |     3 |     2 ||     5
         Give Item to Name |       |       |       |     1 |     2 ||     3
  Evoke: Wand              |       |       |       |     2 |     1 ||     3
    Use: Scroll            |     6 |    10 |     3 |     5 |     5 ||    29
         Potion            |       |       |     4 |     4 |     2 ||    10
   Stab: Distracted        |       |       |       |       |     3 ||     3
 Armour: Scale mail        |    68 |    57 |   128 |   148 |   245 ||   646
         Skin              |       |       |       |    18 |    14 ||    32
  Dodge: Dodged            |    65 |    53 |   119 |   180 |   171 ||   588
  Block: Buckler           |    31 |    25 |   162 |   147 |       ||   365
         Reflection        |       |       |     9 |     1 |       ||    10
         Other             |       |       |       |    36 |       ||    36

Levels and vault maps discovered:
D:1:      mrwooster_arrival_statue, layout_loops_ring
D:2:      layout_basic
D:3:      layout_basic, minmay_misc_feat_chi, interstate_on_off
D:4:      old_forge, layout_basic, minmay_shop_grid_forest, hex_medium,
          kennysheep_boxes
D:5:      minmay_octagon_keep, layout_basic, gammafunk_ghost_split,
          minmay_misc_feat_diagonals, minmay_misc_feat_cross
D:6:      layout_cave_pools, nicolae_overflow_hidden_temple,
          portal_sewer_entry_e, minmay_a_box_with_orc_wizards_in_it
D:7:      layout_gridville, nemelex_dance_club_becter,
          minmay_temple_entry_nine_rooms, uniq_joseph
D:8:      layout_gridville, mainiacjoe_overflow_alcove_4, marbit_many_paths,
          serial_shops, nicolae_shop_bloodbath_and_beyond, serial_ice,
          serial_ice_f, serial_ice_g, serial_ice_b, serial_ice_l,
          minmay_misc_feat_columns
D:9:      layout_long_grid, lair_entry_dummy, minivault_4, uniq_grum
D:10:     cheibrodos_orc_bank, layout_loops_ring, serial_shops, shop,
          minmay_diced_spiral
D:11:     layout_long_grid, serial_shops, bzr_firewalk, gammafunk_ghost_icy
D:12:     layout_loops_ring, orc_0_dummy, portal_ice_cave_entry_pillars_1,
          nicolae_hepliaklqana_hippocampus
D:13:     layout_roguey, lightli_vaults_fourway_checkpoint, serial_ice,
          serial_ice_g, serial_ice_m, serial_ice_o, serial_ice_a, serial_ice_c,
          serial_ice_b
D:14:     layout_cave_pools, gammafunk_ghost_cemetery,
          nicolae_figureground_pulse, uniq_snorg
D:15:     grunt_enter_depths_magical_seal, layout_small_grid, serial_bayou,
          serial_bayou_lagoon_b, serial_bayou_pond_c, serial_bayou_pond_d,
          serial_bayou_lake_a, serial_bayou_lagoon_a, grunt_decor_fettered,
          uniq_kirke
Orc:1:    minmay_goldmine, layout_caves
Orc:2:    grunt_orc_cross, layout_caves, basic_altar

Notes
Turn   | Place    | Note
-------+----------+-------------------------------------------
     0 | D:1      | ytrimaz the Hill Orc Fighter began the quest for the Orb.
     0 | D:1      | Reached XP level 1. HP: 19/19 MP: 1/1
     0 | D:1      | magus.rc [v1.9.6]
    67 | D:1      | Reached skill level 3 in Axes
   148 | D:1      | Reached XP level 2. HP: 12/26 MP: 2/2
   250 | D:1      | Reached skill level 4 in Axes
   310 | D:1      | You pick up a book of Air and begin reading...
   310 | D:1      | You add the spells Shock, Swiftness and Airstrike to your
                  | library.
   439 | D:1      | Reached XP level 3. HP: 28/31 MP: 3/3
   925 | D:2      | Reached skill level 5 in Axes
  1056 | D:2      | Identified the +3 scale mail of the Journeyman {rPois rF+
                  | rN+ Regen+}
  1214 | D:2      | Reached XP level 4. HP: 39/39 MP: 4/4
  1829 | D:3      | Reached skill level 6 in Axes
  1972 | D:3      | Reached XP level 5. HP: 26/45 MP: 5/5
  2060 | D:3      | Reached skill level 7 in Axes
  2564 | D:4      | Found Plog's Antique Armour Boutique.
  2564 | D:4      | Found Muirrampys's Armour Boutique.
  2580 | D:4      | Reached skill level 8 in Axes
  2580 | D:4      | Reached XP level 6. HP: 51/51 MP: 6/6
  2605 | D:4      | Found Odemuqy's Weapon Boutique.
  2605 | D:4      | Found Gouxkic's Magic Scroll Boutique.
  2772 | D:4      | Reached skill level 9 in Axes
  2820 | D:4      | Reached XP level 7. HP: 53/57 MP: 7/7
  2833 | D:4      | Reached skill level 10 in Axes
  2951 | D:4      | Became a worshipper of Beogh the Brigand
  3215 | D:5      | Entered Level 5 of the Dungeon
  3290 | D:5      | Found a runed translucent gate.
  3290 | D:5      | Found a runed translucent gate.
  3291 | D:5      | Noticed howech's ghost (novice MiGl)
  3300 | D:5      | Found a runed translucent gate.
  3558 | D:5      | Reached skill level 11 in Axes
  3577 | D:5      | Reached XP level 8. HP: 64/64 MP: 8/8
  3669 | D:5      | Reached skill level 12 in Axes
  3711 | D:5      | Reached * piety under Beogh
  3737 | D:5      | Reached skill level 13 in Axes
  4212 | D:6      | You pick up a book of Weapons and begin reading...
  4212 | D:6      | You add the spells Tukima's Dance, Portal Projectile and
                  | Blade Hands to your library.
  4308 | D:6      | Reached skill level 14 in Axes
  4314 | D:6      | Reached XP level 9. HP: 70/70 MP: 9/9
  4392 | D:6      | Reached skill level 15 in Axes
  4511 | D:6      | Found a glowing drain.
  4522 | Sewer    | Entered a sewer
  5202 | D:6      | Reached ** piety under Beogh
  5228 | D:6      | Found an ancient bone altar of Kikubaaqudgha.
  5481 | D:7      | Reached skill level 16 in Axes
  5497 | D:7      | You pick up a book of Spatial Translocations and begin
                  | reading...
  5497 | D:7      | You add the spells Blink, Momentum Strike and Lesser
                  | Beckoning to your library.
  5521 | D:7      | Reached skill level 2 in Invocations
  5543 | D:7      | Reached skill level 3 in Invocations
  5553 | D:7      | Reached skill level 4 in Invocations
  5554 | D:7      | Noticed Joseph
  5564 | D:7      | Reached skill level 5 in Invocations
  5573 | D:7      | Killed Joseph
  5574 | D:7      | Reached skill level 7 in Invocations
  5579 | D:7      | Reached XP level 10. HP: 44/77 MP: 12/15
  5647 | D:7      | Reached skill level 8 in Invocations
  5713 | D:7      | Found a sparkling altar of Nemelex Xobeh.
  5815 | D:7      | Reached skill level 9 in Invocations
  6005 | D:7      | Found a staircase to the Ecumenical Temple.
  6094 | D:8      | Reached skill level 4 in Fighting
  6131 | D:8      | Reached skill level 5 in Fighting
  6131 | D:8      | Reached skill level 10 in Invocations
  6146 | D:8      | Reached *** piety under Beogh
  6252 | D:8      | Found a hide-covered altar of Uskayaw.
  6272 | D:8      | You pick up a book of the Wilderness and begin reading...
  6272 | D:8      | You add the spells Summon Forest, Summon Mana Viper and
                  | Summon Cactus Giant to your library.
  6466 | D:8      | You pick up a book of Flames and begin reading...
  6466 | D:8      | You add the spells Inner Flame, Sticky Flame and Flame Wave
                  | to your library.
  6609 | D:8      | Found Saipt's Weapon Shoppe.
  6627 | D:8      | Reached skill level 6 in Fighting
  6631 | D:8      | Bought a +0 broad axe for 56 gold pieces
  6795 | D:8      | Found a burning altar of Makhleb.
  6941 | D:9      | Paralysed by a hornet for 1 turns
  7082 | D:9      | Reached skill level 11 in Invocations
  7119 | D:9      | Noticed Grum
  7132 | D:9      | Killed Grum
  7214 | D:9      | Found a staircase to the Lair.
  7299 | D:9      | Reached skill level 7 in Fighting
  7299 | D:9      | Reached XP level 11. HP: 92/92 MP: 19/19
  7552 | D:9      | Reached skill level 17 in Axes
  7831 | D:10     | Entered Level 10 of the Dungeon
  7870 | D:10     | HP: 23/94 [troll (6)]
  8075 | D:10     | Reached skill level 8 in Fighting
  8088 | D:10     | Reached skill level 12 in Invocations
  8229 | D:10     | Reached skill level 18 in Axes
  8256 | D:10     | Reached **** piety under Beogh
  8511 | D:10     | Found Siceyr's General Store.
  8519 | D:10     | Bought a potion of cancellation for 128 gold pieces
  8646 | D:10     | Noticed an orc knight
  8880 | D:11     | Noticed a cyclops
  8886 | D:11     | Killed a cyclops
  8943 | D:11     | Reached skill level 9 in Fighting
  9027 | D:11     | Noticed a two-headed ogre
  9032 | D:11     | Found a flickering gateway to a bazaar.
  9035 | D:11     | Killed a two-headed ogre
  9045 | Bazaar   | Entered a bazaar
  9045 | Bazaar   | Found Juoq's Book Emporium.
  9045 | Bazaar   | Found Pemizoar's Magic Scroll Shoppe.
  9045 | Bazaar   | Found Bevvaj's Jewellery Shop.
  9048 | Bazaar   | Found Qulairph's Book Boutique.
  9154 | Bazaar   | Bought the ring "Iniaroj" {rCorr MP+9 Str+6 SInv} for 573
                  | gold pieces
  9167 | Bazaar   | Bought a scroll of magic mapping for 67 gold pieces
  9167 | Bazaar   | Bought a scroll of fear for 36 gold pieces
  9167 | Bazaar   | Bought a scroll of enchant armour for 67 gold pieces
  9167 | Bazaar   | Bought a scroll of identify for 18 gold pieces
  9167 | Bazaar   | Bought a scroll of teleportation for 27 gold pieces
  9167 | Bazaar   | Bought a scroll of identify for 18 gold pieces
  9167 | Bazaar   | Bought a scroll of fear for 36 gold pieces
  9231 | D:11     | Noticed a two-headed ogre
  9236 | D:11     | Killed a two-headed ogre
  9237 | D:11     | Reached XP level 12. HP: 80/105 MP: 21/21
  9272 | D:11     | Noticed a two-headed ogre
  9283 | D:11     | Killed a two-headed ogre
  9284 | D:11     | Reached skill level 19 in Axes
  9345 | D:11     | You pick up a book of Transfigurations and begin reading...
  9345 | D:11     | You add the spells Irradiate and Dragon Form to your
                  | library.
  9384 | D:11     | Noticed a two-headed ogre
  9393 | D:11     | Killed a two-headed ogre
  9393 | D:11     | Gained Zorug as an ally
  9476 | D:11     | Found a runed translucent gate.
  9492 | D:11     | Found a runed translucent gate.
  9492 | D:11     | Found a runed translucent gate.
  9519 | D:11     | Noticed Robaetem's ghost (journeyman TrBe)
  9663 | D:11     | Noticed a two-headed ogre
  9667 | D:11     | Killed a two-headed ogre
  9668 | D:11     | Reached skill level 10 in Fighting
  9683 | D:11     | You add the spells Sting, Poisonous Vapours and Olgreb's
                  | Toxic Radiance to your library.
  9833 | D:11     | Reached ***** piety under Beogh
  9912 | D:11     | HP: 34/159 [Robaetem's ghost (8)]
  9913 | D:11     | Killed Robaetem's ghost
  9997 | D:11     | Got the ring of Kuresau {Fire rPois}
 10047 | D:12     | Noticed a two-headed ogre
 10047 | D:12     | Found a frozen archway.
 10054 | D:12     | Reached skill level 20 in Axes
 10054 | D:12     | Killed a two-headed ogre
 10055 | D:12     | Reached skill level 4 in Armour
 10074 | D:12     | Reached skill level 5 in Armour
 10091 | D:12     | You pick up a book of Fire and begin reading...
 10091 | D:12     | You add the spells Foxfire, Fireball and Starburst to your
                  | library.
 10274 | D:12     | Noticed a two-headed ogre
 10281 | D:12     | Killed a two-headed ogre
 10282 | D:12     | Reached skill level 6 in Armour
 10340 | D:12     | Found a staircase to the Orcish Mines.
 10394 | D:12     | Gained Marbaugh as an ally
 10458 | D:12     | Reached skill level 7 in Armour
 10463 | D:12     | Noticed a seven-headed hydra
 10466 | D:12     | Killed a six-headed hydra
 10730 | D:12     | Found a hazy altar of Hepliaklqana.
 10965 | D:13     | Reached skill level 8 in Armour
 11026 | D:13     | Noticed a centaur warrior
 11035 | D:13     | Killed a centaur warrior
 11167 | D:13     | Noticed a tengu warrior
 11177 | D:13     | Killed a tengu warrior
 11178 | D:13     | Reached skill level 9 in Armour
 11208 | D:13     | Noticed a vault guard
 11208 | D:13     | Noticed a vault guard
 11209 | D:13     | Noticed a vault guard
 11209 | D:13     | Noticed a centaur warrior
 11209 | D:13     | Noticed a vault guard
 11210 | D:13     | Found a gate to the Vaults.
 11210 | D:13     | Noticed a six-headed hydra
 11218 | D:13     | Killed a centaur warrior
 11219 | D:13     | Reached XP level 13. HP: 61/113 MP: 22/22
 11219 | D:13     | Killed a vault guard
 11220 | D:13     | Reached skill level 10 in Armour
 11226 | D:13     | Killed a vault guard
 11234 | D:13     | HP: 41/169 [vault guard/+0 halberd (5)]
 11235 | D:13     | Killed a vault guard
 11235 | D:13     | Gained Bogbarth as an ally
 11238 | D:13     | Killed a vault guard
 11239 | D:13     | Reached skill level 11 in Armour
 11634 | D:13     | Reached skill level 12 in Armour
 12028 | D:14     | Noticed Snorg
 12036 | D:14     | Killed Snorg
 12037 | D:14     | Reached skill level 13 in Armour
 12317 | D:14     | Found a runed translucent gate.
 12317 | D:14     | Found a runed translucent gate.
 12317 | D:14     | Found a runed translucent gate.
 12321 | D:14     | Noticed DeathPants's ghost (journeyman VSGl)
 12321 | D:14     | Noticed Qymaymp's ghost (adept GrEE)
 12321 | D:14     | Noticed Lobster4's ghost (journeyman SpHu)
 12572 | D:15     | Entered Level 15 of the Dungeon
 12616 | D:15     | Reached skill level 14 in Armour
 12628 | D:15     | You are cast into the Abyss!
 12628 | Abyss:2  | Cast into level 2 of the Abyss (a wizard)
 12814 | Abyss:2  | Noticed a lich
 12825 | Abyss:2  | Killed a lich
 12900 | Abyss:2  | Reached XP level 14. HP: 112/121 MP: 23/23
 12959 | Abyss:2  | Reached skill level 15 in Armour
 13146 | Abyss:2  | Gained Morbeogh as an ally
 13146 | Abyss:2  | Your ally Morbeogh died
 13159 | Abyss:2  | Noticed a lich
 13172 | Abyss:2  | Killed a lich
 13183 | D:15     | You pass through the gate.
 13183 | D:15     | Escaped the Abyss
 13184 | D:15     | Found a staircase to the Depths.
 13187 | D:15     | Reached skill level 16 in Armour
 13456 | D:15     | Reached skill level 17 in Armour
 13845 | D:15     | Noticed Kirke
 13868 | D:15     | Killed Kirke
 14367 | Orc:1    | Entered Level 1 of the Orcish Mines
 14553 | D:4      | Bought an ichor-stained scale mail for 198 gold pieces
 14553 | D:4      | Identified the +5 scale mail of the Ancient Nightcaps
                  | {rElec Str+4 Int+4} (You bought it in a shop on level 4 of
                  | the Dungeon)
 14936 | Orc:2    | Entered Level 2 of the Orcish Mines
 14965 | Orc:2    | Found a roughly hewn altar of Beogh.
 15045 | Orc:2    | Found a staircase to the Elven Halls.
 15157 | Orc:2    | Found a roughly hewn altar of Beogh.
 15159 | Orc:2    | Noticed an orc warlord
 15163 | Orc:2    | HP: 14/121 [orc knight/+0 battleaxe (22)]
 15163 | Orc:2    | HP: 6/121 [orc warrior/+0 trident (8)]
 15163 | Orc:2    | HP: 1/121 [orc knight/+1 battleaxe of electrocution (2)]
 15163 | Orc:2    | Demolished by an orc knight

Vanquished Creatures
  2 liches (Abyss:2)
  Kirke (D:15)
  Snorg (D:14)
  A fire dragon (D:15)
  4 hydras
  A centaur warrior (D:13)
  4 vault guards (D:13)
  A boulder beetle (D:14)
  A dancing weapon (Abyss:2)
  5 two-headed ogres
  A tengu warrior (D:13)
  An orc high priest (Orc:1)
  A storm dragon zombie (Abyss:2)
  2 wizards
  A necromancer (D:15)
  2 deep elf pyromancers
  2 orc sorcerers (D:15)
  3 cyclopes
  A worldbinder (Abyss:2)
  3 ugly things
  A manticore (shapeshifter) (D:15)
  A naga mage (D:15)
  Joseph (D:7)
  2 gargoyles
  2 smoke demons (Abyss:2)
  A komodo dragon (shapeshifter) (D:14)
  2 freezing wraiths
  A tengu conjurer (D:13)
  2 polar bears
  2 ancient zymes (Abyss:2)
  4 trolls
  A wolf spider simulacrum (D:13)
  3 hornets
  11 raiju (Abyss:2)
  16 slime creatures
  A shadow (D:10)
  A ynoxinul (Abyss:2)
  A vampire (D:10)
  2 wraiths
  A wyvern (D:9)
  27 yaks
  3 water elementals (D:15)
  2 large abominations (Abyss:2)
  A basilisk (D:13)
  A chaos spawn (Abyss:2)
  Grum (D:9)
  3 steam dragons
  A hog (D:15)
  2 water moccasins
  An acid dragon (shapeshifter) (D:14)
  2 acid dragons
  8 orc warriors
  A meliai simulacrum (D:15)
  11 ice beasts
  A sky beast (D:6)
  2 black bears (D:5)
  5 ogres
  4 wolves
  3 boggarts (D:14)
  15 centaurs
  2 phantoms
  5 kobold brigands
  4 bullfrogs
  A gnoll sergeant (D:12)
  7 scorpions
  A hornet simulacrum (D:8)
  5 killer bees (D:7)
  8 electric eels
  11 howler monkeys
  2 hounds
  5 orc priests
  2 iguanas
  11 orc wizards
  4 centaur simulacra
  12 gnolls
  13 adders
  6 river rats
  A shadow imp (D:5)
  7 white imps
  4 ufetubi
  4 worms
  A dart slug (D:2)
  31 orcs
  4 endoplasms
  6 giant cockroaches
  6 goblins
  16 hobgoblins
  6 jackals
  24 kobolds
  4 quokkas
  13 ball pythons
  11 bats
  4 frilled lizards
  5 rats
434 creatures vanquished.

Vanquished Creatures (collateral kills)
  The ghost of Robaetem the Grappler, a journeyman TrBe of Trog (D:11)
  A hydra (D:15)
  3 centaur warriors
  A boulder beetle (D:14)
  A two-headed ogre (D:11)
  2 tengu warriors (D:13)
  An orc knight (Orc:1)
  A deep elf pyromancer (D:13)
  A manticore (D:13)
  An orc sorcerer (Orc:2)
  3 ugly things
  A cyclops (D:15)
  A centaur zombie (D:15)
  A centaur skeleton (D:15)
  A kobold demonologist (D:12)
  A troll (Orc:2)
  A centaur simulacrum (D:11)
  5 slime creatures
  A shadow (D:12)
  A vampire (D:13)
  A wraith (D:12)
  3 yaks
  A basilisk (D:14)
  A warg (Orc:1)
  8 orc warriors
  An ogre (Orc:2)
  2 wolves (D:13)
  A boggart (D:14)
  A centaur (D:13)
  2 howler monkeys
  4 orc priests
  4 orc wizards
  A gnoll (Orc:1)
  A white imp (D:11)
  5 orcs
65 creatures vanquished.

Vanquished Creatures (others)
  A two-headed ogre (D:11)
  2 orc knights
  An orc sorcerer (Orc:1)
  4 orc priests
  7 orc warriors
  28 orcs
  A jelly (D:6)
  An iguana (D:5)
  9 orc wizards
  19 fungi (D:4)
  61 plants
134 creatures vanquished.

Grand Total: 633 creatures vanquished

Table legend:
 A = Non-vault XP
 B = Vault XP
 C = Vault XP percentage of total XP
 D = Non-vault monster count
 E = Vault monster count
 F = Vault count percentage of total count
                 A         B        C        D         E       F
            +---------+---------+-------+---------+---------+-------
      Total |   58230 |   19908 |  25.5 |     367 |     134 |  26.7
            +---------+---------+-------+---------+---------+-------
        D:1 |      51 |       0 |   0.0 |      28 |       0 |   0.0
        D:2 |      58 |       0 |   0.0 |      22 |       0 |   0.0
        D:3 |     130 |       0 |   0.0 |      18 |       0 |   0.0
        D:4 |     217 |     372 |  63.2 |      16 |      11 |  40.7
        D:5 |     454 |     714 |  61.1 |      14 |      13 |  48.1
        D:6 |     906 |     195 |  17.7 |      12 |      13 |  52.0
        D:7 |    1582 |     590 |  27.2 |      21 |       3 |  12.5
        D:8 |    1168 |    1340 |  53.4 |      17 |      12 |  41.4
        D:9 |    3140 |     420 |  11.8 |      26 |       3 |  10.3
       D:10 |    3240 |     953 |  22.7 |      23 |      13 |  36.1
       D:11 |    5734 |    1530 |  21.1 |      17 |      10 |  37.0
       D:12 |    5902 |       0 |   0.0 |      26 |       0 |   0.0
       D:13 |    6293 |    7124 |  53.1 |      19 |      23 |  54.8
       D:14 |    5486 |     705 |  11.4 |      17 |       1 |   5.6
       D:15 |    9998 |    5341 |  34.8 |      29 |      10 |  25.6
      Orc:1 |    2244 |       0 |   0.0 |      25 |       0 |   0.0
      Orc:2 |     839 |     495 |  37.1 |      12 |       5 |  29.4
    Abyss:2 |   10788 |       0 |   0.0 |      25 |       0 |   0.0
      Sewer |       0 |     129 | 100.0 |       0 |      17 | 100.0
            +---------+---------+-------+---------+---------+-------

Illustrated notes

Table legend:
 A = Kills in this place as a percentage of kills in the entire game.
 B = Kills by you in this place as a percentage of kills by you in the entire game.
 C = Kills by friends in this place as a percentage of kills by friends in the entire game.
 D = Other kills in this place as a percentage of other kills in the entire game.
 E = Experience gained in this place as a percentage of experience gained in the entire game.
 F = Experience gained in this place divided by the number of levels of this place that you have seen.
                   A       B       C       D       E      F
               +-------+-------+-------+-------+-------+----------------------
         Total | 100.0 | 100.0 | 100.0 | 100.0 | 100.0 | 3906.9
       Dungeon |  83.2 |  85.9 |  64.1 | 100.0 |  81.4 | 4242.9
  Orcish Mines |   8.4 |   4.4 |  35.9 |   0.0 |   4.6 | 1789.0
         Abyss |   5.0 |   5.8 |   0.0 |   0.0 |  13.8 | 10788.0
         Sewer |   3.4 |   3.9 |   0.0 |   0.0 |   0.2 | 129.0
               +-------+-------+-------+-------+-------+----------------------

Table legend: (Time is in decaauts)
 A = Elapsed time spent in this place.
 B = Non-inter-level travel time spent in this place.
 C = Inter-level travel time spent in this place.
 D = Time resting spent in this place.
 E = Time spent auto-exploring this place.
 F = Levels seen in this place.
 G = Mean time per level.
                   A        B        C        D        E       F      G
               +--------+--------+--------+--------+--------+-----+--------+
         Total |  15250 |  14337 |    913 |    593 |  10313 |  20 |  762.5 |
       Dungeon |  13413 |  12510 |    903 |    456 |   9206 |  15 |  894.2 |
  Orcish Mines |    486 |    476 |     10 |      0 |    305 |   2 |  243.0 |
         Abyss |    533 |    533 |      0 |    137 |    215 |   1 |  533.0 |
        Bazaar |    128 |    128 |      0 |      0 |     94 |   1 |  128.0 |
         Sewer |    688 |    688 |      0 |      0 |    492 |   1 |  688.0 |
               +--------+--------+--------+--------+--------+-----+--------+

Top non-repeatable levels by time:
    D:15: 1281 daAuts
    D:11: 1065 daAuts
    D:10: 1039 daAuts
     D:5: 1031 daAuts
    D:13: 983 daAuts
     D:1: 943 daAuts
     D:9: 930 daAuts
    D:12: 922 daAuts
     D:2: 915 daAuts
     D:8: 871 daAuts
     D:4: 810 daAuts
     D:7: 698 daAuts
   Sewer: 688 daAuts
     D:6: 673 daAuts
    D:14: 624 daAuts
